 Dungeon Crawl Stone Soup version 0.20-a0-1078-g4874019 (webtiles) character file.

254 FastMan the Chopper (level 5, -20/72 HPs)
             Began as a Minotaur Berserker on May 1, 2017.
             Was a Believer of Trog.
             Demolished by an ogre
             ... wielding a +0 giant spiked club
              (25 damage)
             ... on level 4 of the Dungeon.
             The game lasted 00:02:07 (2566 turns).

FastMan the Chopper (Minotaur Berserker)            Turns: 2566, Time: 00:02:08

Health: -20/72     AC:  9    Str: 29    XL:     5   Next: 90%
Magic:  4/4        EV: 11    Int:  4    God:    Trog [**....]
Gold:   136        SH:  0    Dex: 10    Spells: 4/4 levels left

rFire    + . .     SeeInvis +   a - +0 hand axe
rCold    . . .     Gourm    .   (no shield)
rNeg     . . .     Faith    .   p - +2 scale mail of Light {+Fly rF+ Str+2}
rPois    .         Spirit   .   (helmet restricted)
rElec    .         Reflect  .   (no cloak)
rCorr    +         Harm     .   k - +0 pair of gloves
MR       .....                  (no boots)
Stlth    ..........             (no amulet)
Regen    0.3/turn               d - ring of resist corrosion
MPRegen  0.1/turn               m - ring of see invisible

@: berserking, very quick
A: retaliatory headbutt, horns 2
a: Berserk, Trog's Hand, Burn Spellbooks, Renounce Religion, Evoke Flight


You were on level 4 of the Dungeon.
You worshipped Trog.
Trog was pleased with you.
You were very hungry.

You visited 1 branch of the dungeon, and saw 4 of its levels.

You collected 136 gold pieces.

Inventory:

Hand Weapons
 a - a +0 hand axe (weapon)
Armour
 k - a +0 pair of gloves (worn)
 p - the +2 scale mail of Light (worn) {+Fly rF+ Str+2}
   (You found it on level 4 of the Dungeon)

   It affects your strength (+2).
   It protects you from fire.
   It lets you fly.
Jewellery
 d - a ring of resist corrosion (left hand)
 m - a ring of see invisible (right hand)
Scrolls
 e - 3 scrolls of identify {@r1}
 f - a scroll of enchant weapon {unknown}
 g - 5 scrolls of teleportation {@r3}
 i - a scroll of enchant armour
Potions
 h - a potion of lignification
 l - a potion of berserk rage
 n - a potion of heal wounds {unknown}
Comestibles
 b - 12 chunks of flesh
 c - 4 bread rations {@e1}
 o - a meat ration {@e2}


   Skills:
 + Level 5.4 Fighting
 * Level 6.9 Axes
 - Level 2.4 Armour
 - Level 2.1 Dodging


You had 4 spell levels left.
You didn't know any spells.

Dungeon Overview and Level Annotations

Branches:
Dungeon (4/15)
 Temple: D:4-7

Altars:
Cheibriados
The Shining One


Innate Abilities, Weirdness & Mutations

You reflexively headbutt those who attack you in melee.
You have a pair of horns on your head.


Message History

You are too injured to fight recklessly!
Unknown command.
A red film seems to cover your vision as you go berserk!
You feel yourself moving faster!
You feel mighty!
You are feeling very hungry.
The quokka bites you.
* * * LOW HITPOINT WARNING * * *
The quokka bites you but does no damage.
You slice the quokka!!
You kill the quokka!
Trog accepts your kill.
The ogre hits you with a giant spiked club!
* * * LOW HITPOINT WARNING * * *
You see here a quokka corpse.
You slash the ogre!
The ogre is almost dead.
You barely miss the ogre.
The ogre is almost dead.
The ogre hits you with a giant spiked club!!
You die...

#.#####.#.##..#..##.##.
#.#####.#.##.....# #
#.##[.........#.##
#.##[##.#.......#
#.##.##.#.......#
#.......#####.###
#......## #.# #.##.#.#
... #.##.#@# ....
#.....O## ....#
#.......# #.....#.#
#.......# ##.....##
#####. #. ..


You could see an ogre.

Vanquished Creatures
  2 orc priests (D:3)
  3 orc wizards
  2 adders
  A worm (D:3)
  4 dart slugs
  4 leopard geckos
  6 orcs
  2 giant cockroaches
  8 goblins
  7 hobgoblins
  8 jackals
  8 kobolds
  A quokka (D:4)
  2 ball pythons
  3 bats
  5 frilled lizards
  13 rats
79 creatures vanquished.

Notes
Turn   | Place    | Note
-------+----------+-------------------------------------------
     0 | D:1      | FastMan the Minotaur Berserker began the quest for the Orb.
     0 | D:1      | Reached XP level 1. HP: 19/19 MP: 0/0
    48 | D:1      | Reached skill level 4 in Axes
    48 | D:1      | Reached XP level 2. HP: 14/27 MP: 1/1
   629 | D:2      | Reached ** piety under Trog
   768 | D:2      | Reached XP level 3. HP: 32/33 MP: 2/2
  1180 | D:2      | Reached skill level 5 in Axes
  1214 | D:2      | Found a glowing golden altar of the Shining One.
  1649 | D:3      | Reached XP level 4. HP: 37/41 MP: 3/3
  1753 | D:3      | Noticed an ice beast
  1878 | D:3      | HP: 2/41 [orc priest/divine providence (14)]
  1884 | D:3      | Reached skill level 5 in Fighting
  1884 | D:3      | Reached XP level 5. HP: 25/48 MP: 4/4
  1885 | D:3      | Reached skill level 6 in Axes
  2001 | D:3      | Found a snail-covered altar of Cheibriados.
  2532 | D:4      | Got a spiked scale mail
  2543 | D:4      | Identified the +2 scale mail of Light {+Fly rF+ Str+2} (You found it on level 4 of the Dungeon)
  2551 | D:4      | Noticed an ogre
  2566 | D:4      | Demolished by an ogre

Vault maps used:
D:1:      co_arrival_random_square_maze
D:2:      wad_river_or_something, nicolae_tso_swordbearing_angel
D:3:      lemuel_crystal_altar, portal_sewer_entry_b, first_bread,
          grunt_ministairs_13
D:4:      lemuel_upstairs_altar

Skill      XL: |  1  2  3  4  5 |
---------------+----------------+-----
Axes           | 4 5 6 |  6.9
Fighting       | 4 5 |  5.4
Armour         | |  2.4
Dodging        | |  2.1

Action                   |  1- 3 |  4- 6 || total
-------------------------+-------+-------++-------
Melee: Hand axe          |    97 |    69 ||   166
       Headbutt          |    16 |    11 ||    27
Invok: Berserk           |       |     2 ||     2
       Trog's Hand       |       |     1 ||     1
  Use: Potion            |       |     3 ||     3
       Scroll            |       |     7 ||     7
  Eat: Chunk             |     2 |     4 ||     6
Armor: Animal skin       |    17 |       ||    17
       Chain mail        |    16 |    18 ||    34
       Scale mail        |       |     1 ||     1
Dodge: Dodged            |    68 |    30 ||    98
